 Dungeon Crawl Stone Soup version 0.25-a0-786-g5b70d41e48 (webtiles) character file.

Game seed: 7736848594787581721, levelgen mode: deterministic

39 ReteAZ the Skirmisher (level 3, 0/29 HPs)
             Began as a Mummy Chaos Knight on Apr 18, 2020.
             Was a Plaything of Xom.
             Slain by an adder (4 damage)
             ... on level 2 of the Dungeon.
             The game lasted 00:02:04 (1359 turns).

ReteAZ the Skirmisher (Mummy Chaos Knight)          Turns: 1359, Time: 00:02:04

Health: 0/29       AC:  5    Str: 15    XL:     3   Next: 26%
Magic:  3/3        EV: 11    Int: 12    God:    Xom [..*...]
Gold:   33         SH:  0    Dex: 11    Spells: 2/2 levels left

rFire    x . .     SeeInvis .   a - +0 falchion (chaos)
rCold    + . .     Gourm    .   (no shield)
rNeg     + + +     Faith    .   b - +2 leather armour
rPois    ∞         Spirit   .   (no helmet)
rElec    .         Reflect  .   (no cloak)
rCorr    .         Harm     .   (no gloves)
MR       .....                  (no boots)
Stlth    +.........             (no amulet)
HPRegen  0.09/turn              (no ring)
MPRegen  0.08/turn              (no ring)

@: no status effects
A: no food or potions, fire vulnerability, cold resistance 1, negative energy
resistance 3, torment resistance, unbreathing
a: Renounce Religion


You were on level 2 of the Dungeon.
You worshipped Xom.
You were a toy of Xom.
You were not hungry.

You visited 1 branch of the dungeon, and saw 2 of its levels.

You collected 33 gold pieces.

Inventory:

Hand Weapons
 a - a +0 falchion of chaos (weapon)
Missiles
 d - 27 stones (quivered)
 g - 8 atropa-tipped darts
Armour
 b - a +2 leather armour (worn)
Scrolls
 c - 3 scrolls of identify {unknown}
 e - a scroll of magic mapping {unknown}
 f - a scroll of amnesia {unknown}


   Skills:
 + Level 3.4 Fighting
 * Level 3.3 Long Blades
 - Level 1.5 Armour
 - Level 0.7 Dodging


You had 2 spell levels left.
You didn't know any spells.
Your spell library contained the following spells:

 Spells                   Type           Power        Failure   Level  Hunger
 Magic Dart               Conj           #...         38%         1    N/A
 Blink                    Tloc           N/A          52%         2    N/A
 Call Imp                 Summ           #.......     52%         2    N/A
 Slow                     Hex            #.......     52%         2    N/A
 Conjure Flame            Conj/Fire      #.......     77%         3    N/A
 Mephitic Cloud           Conj/Pois/Air  #.......     77%         3    N/A

Dungeon Overview and Level Annotations

Branches:
Dungeon (2/15)

Altars:


Innate Abilities, Weirdness & Mutations

You do not eat or drink.
Your flesh is vulnerable to fire.
You are immune to poison.
Your flesh is cold resistant. (rC+)
You are immune to negative energy. (rN+++)
You are immune to unholy pain and torment.
You can survive without breathing.


Message History

The adder bites you but does no damage. The adder closely misses you.
You riposte.
You hit the adder. You burn the adder.
The adder is almost dead.
You miss the adder.
The adder is almost dead.
The adder barely misses you. The adder bites you.
You barely miss the adder.
The adder is almost dead.
The adder bites you.
* * * LOW HITPOINT WARNING * * *
The adder completely misses you.
You barely miss the adder.
The adder is almost dead.
The adder bites you.
* * * LOW HITPOINT WARNING * * *
The adder completely misses you.
You miss the adder.
The adder is almost dead.
The adder bites you.
You die...

####.....# .......
+........# .....
####...#.# .....
##.##.# ... ####>#
... #.# #w# #.# #S#
#.# #@####### #.#
##.......# #.#
##...####.# #.#
#....†# #.# #.#
##...####.######.#
##..##..........#
#.####.##.#.########
#.........#.#
######.####.#


You could see a worm and an adder.

Vanquished Creatures
  An adder (D:2)
  A dart slug (D:1)
  A leopard gecko (D:1)
  A ball python (D:2)
  3 giant cockroaches (D:1)
  3 goblins
  2 hobgoblins (D:1)
  4 bats
  4 frilled lizards
  4 kobolds (D:1)
  3 rats
27 creatures vanquished.

Notes
Turn   | Place    | Note
-------+----------+-------------------------------------------
     0 | D:1      | ReteAZ the Mummy Chaos Knight began the quest for the Orb.
     0 | D:1      | Reached XP level 1. HP: 18/18 MP: 1/1
   152 | D:1      | Reached XP level 2. HP: 19/24 MP: 2/2
   167 | D:1      | XOM: divination: detect creatures
   179 | D:1      | XOM: silly message
   964 | D:1      | XOM: silly message
  1276 | D:2      | Reached XP level 3. HP: 28/29 MP: 3/3
  1359 | D:2      | Slain by an adder

Levels and vault maps discovered:
D:1:      minmay_arrival_stone_box, layout_basic
D:2:      layout_loops_corners, uniq_jessica

Skill      XL: |  1  2 |
---------------+-------+-----
Long Blades    | 3 |  3.3
Fighting       | |  3.4
Armour         | |  1.5
Dodging        | |  0.7

Action                   || total
-------------------------++-------
Melee: Falchion          ||    94
Armor: Leather armour    ||    39
Dodge: Dodged            ||    61
       Rpst.: Falchion   ||    17

Table legend:
 A = Non-vault XP
 B = Vault XP
 C = Vault XP percentage of total XP
 D = Non-vault monster count
 E = Vault monster count
 F = Vault count percentage of total count
                 A         B        C        D         E       F
            +---------+---------+-------+---------+---------+-------
      Total |      56 |       0 |   0.0 |      27 |       0 |   0.0
            +---------+---------+-------+---------+---------+-------
        D:1 |      33 |       0 |   0.0 |      19 |       0 |   0.0
        D:2 |      23 |       0 |   0.0 |       8 |       0 |   0.0
            +---------+---------+-------+---------+---------+-------
